 Dungeon Crawl Stone Soup version 0.31-a0-879-g1609e0ac53 (webtiles) character file.

Game seed: 11213607711958764171

6022 CowFu the Grappler (level 10, 0/94 HPs)
             Began as a Troll Fighter on Oct 14, 2023.
             Was a Follower of Makhleb.
             Slain by a vault guard
             ... wielding a +0 broad axe
              (22 damage)
             ... in a bailey.
             The game lasted 00:08:18 (6099 turns).

CowFu the Grappler (Troll Fighter)                  Turns: 6099, Time: 00:08:19

Health: 0/94       AC:  7    Str: 30    XL:     10   Next: 56%
Magic:  9/9        EV: 10    Int:  4    God:    Makhleb [*.....]
Gold:   225        SH:  8    Dex:  9    Spells: 9/9 levels left

rFire   . .          .
                       - Unarmed
rCold   . . .        b - +0 kite shield
rNeg    . . .        t - +0 steam dragon scales
rPois   .            (helmet currently unavailable)
rElec   .            (cloak currently unavailable)
rCorr   +            (gloves unavailable)
SInv    .            (boots unavailable)
Will    .....        (no amulet)
Stlth   +            e - ring of resist corrosion
HPRegen 1.15/turn    (no ring)
MPRegen 0.11/turn

%: no passive effects
@: beast-form
A: beast (slay +4), large, unfitting armour, claws 3, regeneration 1, shaggy fur
1, tough skin 1
a: Begin Untransformation, Renounce Religion


You were in a bailey.
You worshipped Makhleb.
Makhleb was aware of your devotion.
You were a hulking beast.
You visited 1 branch of the dungeon, and saw 8 of its levels.
You also visited: Bailey.

You collected 399 gold pieces.
You spent 174 gold pieces at shops.

Inventory:

Missiles
 p - a throwing net
 r - 4 large rocks
Armour
 b - a +0 kite shield (worn)
 n - a +0 hat
 t - +0 steam dragon scales (worn)
 u - a +1 robe of willpower
Jewellery
 c - a +6 ring of dexterity
 e - a ring of resist corrosion (left claw)
Talismans
 k - a beast talisman (active)
Wands
 q - a wand of flame (41)
 s - a wand of light (23)
Scrolls
 g - 4 scrolls of identify
 i - 4 scrolls of teleportation
Potions
 a - a potion of invisibility {unknown}
 d - 2 potions of curing
 f - 3 potions of haste
 h - 2 potions of attraction
 j - 2 potions of brilliance
 l - 2 potions of lignification
 m - 3 potions of cancellation
 o - 2 potions of mutation


   Skills:
 + Level 4.8 Fighting
 + Level 4.9 Dodging
 + Level 5.3 Shields
 + Level 11.1 Unarmed Combat
 - Level 7.0 Shapeshifting


You had 9 spell levels left.
You didn't know any spells.
Your spell library contained the following spells:

 Spells                   Type           Power      Damage    Failure   Level
 Magic Dart               Conj           0%         1d3       71%         1
 Searing Ray              Conj           0%         2d4       83%         2
 Volatile Blastmotes      Fire/Tloc      0%         2d10      97%         3
 Fulminant Prism          Conj/Hex       0%         3d5       100%        4
 Iskenderun's Mystic Bla  Conj/Tloc      0%         2d3       100%        4
 Haunt                    Necr/Summ      0%         N/A       100%        7
 Borgnjor's Revivificati  Necr           0%         N/A       100%        8
 Death's Door             Necr           0%         N/A       100%        9


Dungeon Overview and Level Annotations

Branches:
Dungeon (8/15)             Temple (0/1) D:7          Bailey (1/1)
   Lair: D:8-11

Altars:
Gozag
Hepliaklqana
Kikubaaqudgha
Makhleb
Nemelex Xobeh
Sif Muna
Trog

Shops:
D:4 *

Annotations:
Bailey Prince Ribbit


Innate Abilities, Weirdness & Mutations

You are a hulking beast.
Your limbs bulge with bestial killing power. (Slay +4)
You are too large for most types of armour.
You have claws for hands.
Your natural rate of healing is unusually fast.
You are covered in fur. (AC +1)
You have tough skin. (AC +1)


Message History

Prince Ribbit is moderately wounded.
You claw the vault guard!
The vault guard is moderately wounded.
You closely miss the vault guard.
The vault guard is moderately wounded.
Prince Ribbit hits you.
The vault guard hits you with a +0 broad axe.
You barely miss the vault guard.
The vault guard is moderately wounded.
Prince Ribbit blinks!
The vault guard hits you with a +0 broad axe!
You mangle the vault guard!!
The vault guard is severely wounded.
Prince Ribbit hits you!
The vault guard hits you with a +0 broad axe!!
You claw the vault guard!
The vault guard is severely wounded.
You block Prince Ribbit's attack. Prince Ribbit hits you!
The vault guard attacks as it pursues you!
You block the vault guard's attack.
You scratch the vault guard but do no damage.
The vault guard is severely wounded.
The vault guard hits you but does no damage.
You closely miss the vault guard.
The vault guard is severely wounded.
Prince Ribbit blinks!
The vault guard hits you with a +0 broad axe!
* * * LOW HITPOINT WARNING * * *
You closely miss the vault guard.
The vault guard is severely wounded.
The vault guard hits you with a +0 broad axe!
* * * LOW HITPOINT WARNING * * *
You feel better. You block the vault guard's attack.
You claw the vault guard!
The vault guard is almost dead.
Prince Ribbit blinks!
You block the vault guard's attack.
You closely miss the vault guard.
The vault guard is almost dead.
The vault guard hits you with a +0 broad axe!!
You die...

###.+ ##~.≈# ##~~.≈#
#~~~.≈## #######~..~≈###
########
#$....##...~≈≈####≈≈#....
?$.F...#..~.~~≈≈≈≈~~#....
!..§∩..ph~~..~~~~~†.'..#.
?!.....#..~......)..#..#.
#?....##........~≈≈≈#..##
#######~.......~≈#######)
#≈~~~~~~~~~≈##....))
##≈~~~~~~~~~≈#.....)
##≈≈~~~~~≈≈##+#...)
###≈≈≈≈≈### ##### #######


You could see a vault guard and Prince Ribbit.

Vanquished Creatures
  Erica (D:8)
  Joseph (D:8)
  The ghost of justen the Changeling, a novice DrSh of Uskayaw (D:5)
  Grinder (D:4)
  Sigmund (D:4)
  A wyvern (D:4)
  3 yaks (D:5)
  4 hogs (D:7)
  4 humans
  3 steam dragons (D:7)
  2 water moccasins
  2 ice beasts (D:7)
  A black bear (D:4)
  3 ogres
  2 kobold brigands (D:7)
  2 phantoms
  3 bullfrogs
  5 scorpions
  2 howler monkeys (D:7)
  3 quasits (D:5)
  3 hounds
  3 orc priests
  6 iguanas
  2 orc wizards (D:5)
  Robin (D:4)
  8 gnolls
  8 adders
  3 white imps
  2 ufetubi (D:6)
  A worm (D:5)
  2 dart slugs
  16 orcs
  4 endoplasms
  2 giant cockroaches
  17 goblins
  8 hobgoblins
  3 jackals (D:1)
  6 quokkas
  5 ball pythons
  4 bats
  7 frilled lizards
  16 kobolds
  8 rats
180 creatures vanquished.

Notes
Turn   | Place    | Note
-------+----------+-------------------------------------------
     0 | D:1      | CowFu the Troll Fighter began the quest for the Orb.
     0 | D:1      | Reached XP level 1. HP: 22/22 MP: 0/0
   326 | D:1      | Reached XP level 2. HP: 29/29 MP: 1/1
   352 | D:1      | Reached skill level 3 in Unarmed Combat
  1158 | D:2      | Reached XP level 3. HP: 36/36 MP: 2/2
  1638 | D:3      | Reached skill level 4 in Unarmed Combat
  1680 | D:3      | Reached XP level 4. HP: 35/44 MP: 3/3
  1872 | D:3      | Reached skill level 5 in Unarmed Combat
  2476 | D:4      | Noticed a wyvern
  2478 | D:4      | Found Lojumi's Assorted Antiques.
  2483 | D:4      | Killed a wyvern
  2484 | D:4      | Reached skill level 6 in Unarmed Combat
  2484 | D:4      | Reached XP level 5. HP: 21/50 MP: 4/4
  2484 | D:4      | Reached XP level 6. HP: 24/59 MP: 5/5
  2526 | D:4      | Bought a brown potion for 27 gold pieces
  2526 | D:4      | Bought a scroll labelled YSTUAD BUAJA for 30 gold pieces
  2526 | D:4      | Bought a scroll labelled TYSOM ANTEURIR for 30 gold pieces
  2526 | D:4      | Bought a bubbling cyan potion for 27 gold pieces
  2526 | D:4      | Bought 2 scrolls labelled YSTUAD BUAJA for 60 gold pieces
  2665 | D:4      | Noticed Grinder
  2665 | D:4      | Paralysed by Grinder for 2 turns
  2671 | D:4      | Killed Grinder
  2672 | D:4      | Reached skill level 7 in Unarmed Combat
  2672 | D:4      | Reached XP level 7. HP: 66/66 MP: 6/6
  2712 | D:4      | Noticed Robin
  2749 | D:4      | Killed Robin
  2821 | D:4      | Noticed Sigmund
  2827 | D:4      | Killed Sigmund
  2828 | D:4      | Reached skill level 8 in Unarmed Combat
  2862 | D:4      | Reached skill level 9 in Unarmed Combat
  3146 | D:5      | Entered Level 5 of the Dungeon
  3236 | D:5      | Reached XP level 8. HP: 74/74 MP: 7/7
  3435 | D:5      | Reached skill level 10 in Unarmed Combat
  3435 | D:5      | Reached skill level 1 in Shapeshifting
  3586 | D:5      | Found a transporter.
  3590 | D:5      | Noticed justen's ghost (novice DrSh)
  3606 | D:5      | Found a transporter.
  3877 | D:5      | Reached skill level 5 in Shapeshifting
  4073 | D:5      | Killed justen's ghost
  4074 | D:5      | Reached XP level 9. HP: 79/80 MP: 8/8
  4551 | D:6      | Found a burning altar of Makhleb.
  4572 | D:6      | Became a worshipper of Makhleb the Destroyer
  4656 | D:6      | Found an opulent altar of Gozag.
  4748 | D:7      | Found a sparkling altar of Nemelex Xobeh.
  4749 | D:7      | Found an ancient bone altar of Kikubaaqudgha.
  4749 | D:7      | Found a shimmering blue altar of Sif Muna.
  4991 | D:7      | Found a staircase to the Ecumenical Temple.
  5052 | D:7      | Found a bloodstained altar of Trog.
  5221 | D:7      | Reached XP level 10. HP: 65/92 MP: 9/9
  5401 | D:7      | Reached * piety under Makhleb
  5636 | D:7      | Found a hazy altar of Hepliaklqana.
  5731 | D:8      | Noticed Erica
  5748 | D:8      | Killed Erica
  5920 | D:8      | Noticed Joseph
  5934 | D:8      | Killed Joseph
  5935 | D:8      | Reached skill level 5 in Shields
  5935 | D:8      | Reached skill level 11 in Unarmed Combat
  5947 | D:8      | Found a flagged portal.
  5956 | Bailey   | Entered a bailey
  6082 | Bailey   | Noticed a vault guard
  6082 | Bailey   | Noticed Prince Ribbit
  6099 | Bailey   | Slain by a vault guard

Illustrated notes

Levels and vault maps discovered:
D:1:      scummos_arrival_simple_crosswalls, layout_basic, hangedman_decor_push
D:2:      layout_loops_ring, nrook_loot_triangle
D:3:      layout_basic, serial_bayou_ford_a, nicolae_hexahallways
D:4:      layout_loops_cross, serial_shops, nicolae_shop_overgrown_old_shop,
          uniq_robin, uniq_grinder, uniq_sigmund
D:5:      layout_loops_ring, gammafunk_ghost_stat_death
D:6:      layout_rooms, mainiacjoe_overflow_paths, bloody_makhleb,
          serial_corexii_hall, chequers_hall_statues_wall_a,
          chequers_hall_statues_corner_a
D:7:      cheibrodos_steamvent, layout_basic, grunt_temple_overflow_open,
          mainiacjoe_overflow_surrounded_room, mainiacjoe_overflow_alcove_1,
          minmay_temple_entry_mini_moons, grunt_livestock
D:8:      layout_basic, lair_entry_dummy, ebering_ghost_gozag, enter_bailey_6,
          uniq_erica, uniq_psyche, uniq_joseph
Bailey:   bailey_axe_froggy_fort_hellmonk, bailey

Skill      XL: |  1  2  3  4  5  6  7  8  9 10 |
---------------+-------------------------------+-----
Unarmed Combat | 3 4 6 7 9 10 11 | 11.1
Shapeshifting  | 6 7 |  7.0
Shields        | 4 5 |  5.3
Fighting       | 3 4 |  4.8
Dodging        | 3 4 |  4.9

Action                     |  1- 3 |  4- 6 |  7- 9 | 10-12 || total
---------------------------+-------+-------+-------+-------++-------
  Melee: Unarmed           |   101 |    56 |   256 |    98 ||   511
    Use: Scroll            |       |       |     9 |     2 ||    11
         Potion            |       |       |     1 |     1 ||     2
 Armour: Robe              |    34 |    21 |   192 |       ||   247
         Steam dragon scal |       |       |    24 |    69 ||    93
  Dodge: Dodged            |    27 |    12 |   107 |    26 ||   172
  Block: Kite shield       |    33 |    14 |   111 |    27 ||   185
   Form: Beast             |       |     1 |       |       ||     1

Table legend: (Time is in decaauts)
 A = Elapsed time spent in this place.
 B = Non-inter-level travel time spent in this place.
 C = Inter-level travel time spent in this place.
 D = Time resting spent in this place.
 E = Time spent auto-exploring this place.
 F = Levels seen in this place.
 G = Mean time per level.
                   A        B        C        D        E       F      G
               +--------+--------+--------+--------+--------+-----+--------+
         Total |   6093 |   5735 |    358 |      0 |   4443 |   9 |  677.0 |
       Dungeon |   5955 |   5597 |    358 |      0 |   4350 |   8 |  744.4 |
        Bailey |    138 |    138 |      0 |      0 |     93 |   1 |  138.0 |
               +--------+--------+--------+--------+--------+-----+--------+

Top non-repeatable levels by time:
     D:5: 1058 daAuts
     D:7: 963 daAuts
     D:3: 850 daAuts
     D:1: 848 daAuts
     D:4: 736 daAuts
     D:2: 715 daAuts
     D:6: 533 daAuts
     D:8: 249 daAuts
  Bailey: 138 daAuts
